 Dungeon Crawl Stone Soup version 0.23-a0-169-gb21e695 (webtiles) character file.

126 grindst0ne the Skirmisher (level 4, 0/37 HPs)
             Began as a Mummy Fighter on Sept 11, 2018.
             Slain by a hound (1 damage)
             ... on level 2 of the Dungeon.
             The game lasted 00:02:47 (2334 turns).

grindst0ne the Skirmisher (Mummy Fighter)           Turns: 2334, Time: 00:02:47

Health: 0/37       AC:  7    Str: 19    XL:     4   Next: 83%
Magic:  4/4        EV:  7    Int:  8    God:
Gold:   111        SH:  9    Dex: 11    Spells: 3/3 levels left

rFire    x . .     SeeInvis +   a - +0 war axe
rCold    + . .     Gourm    .   c - +0 shield
rNeg     + + +     Faith    +   b - +0 scale mail
rPois    ∞         Spirit   .   i - +0 helmet
rElec    .         Reflect  .   (no cloak)
rCorr    .         Harm     .   (no gloves)
MR       .....                  (no boots)
Stlth    ..........             j - amulet of faith
HPRegen  0.12/turn              e - ring of see invisible
MPRegen  0.09/turn              (no ring)

@: no status effects
A: no food or potions, fire vulnerability, cold resistance 1, negative energy
resistance 3, torment resistance, unbreathing
a: no special abilities


You were on level 2 of the Dungeon.
You were not hungry.

You visited 1 branch of the dungeon, and saw 3 of its levels.

You collected 111 gold pieces.

Inventory:

Hand Weapons
 a - a +0 war axe (weapon)
Armour
 b - a +0 scale mail (worn)
 c - a +0 shield (worn)
 i - a +0 helmet (worn)
Jewellery
 e - a ring of see invisible (left hand)
 j - an amulet of faith (around neck)
Scrolls
 d - 2 scrolls of enchant armour {unknown}
 f - 2 scrolls of immolation {unknown}
 g - 4 scrolls of identify {unknown}
 h - 2 scrolls of enchant weapon {unknown}
 k - a scroll of remove curse {unknown}


   Skills:
 + Level 3.8 Fighting
 * Level 3.1 Axes
 - Level 2.4 Armour
 + Level 3.1 Shields


You had 3 spell levels left.
You didn't know any spells.
Your spell library was empty.

Dungeon Overview and Level Annotations

Branches:
Dungeon (3/15)

Altars:
Okawaru


Innate Abilities, Weirdness & Mutations

You do not eat or drink.
Your flesh is vulnerable to fire.
You are immune to poison.
Your flesh is cold resistant. (rC+)
You are immune to negative energy. (rN+++)
You are immune to unholy pain and torment.
You can survive without breathing.


Message History

The hound bites you. You block the hound's attack.
The gnoll hits you from afar with a halberd!
You completely miss the hound.
The hound is severely wounded.
The hound bites you but does no damage. The hound bites you.
The gnoll hits you from afar with a halberd.
* * * LOW HITPOINT WARNING * * *
The hound bites you.
* * * LOW HITPOINT WARNING * * *
The gnoll hits you from afar with a halberd.
* * * LOW HITPOINT WARNING * * *
The hound bites you.
* * * LOW HITPOINT WARNING * * *
You climb upwards.
There is a stone staircase leading down here.
You can't drink.
You barely miss the hound.
The hound is severely wounded.
The hound bites you.
You die...

.#.# #.# .#.# #.# ..># #########
#.# .#.###.......# #######.#
.....#.###.### #.......#
.#.#.#.###.#.##########.# ######
............##.....## #.# #.....
.....#.###.##..h....###.# ######
##.#.#.# #((((.(@.......#
†...)..###...⌠.).).⌠.##.#
.#...................##.#########
.....#####.....⌠.⌠..###.#.......#
)............#.....####.#.......#
.........#!...........#.#.......#
....######...#.#......#.#.......#
........##...#.####...###.......#
....##.###....................)..


You could see a hound.

Vanquished Creatures
  Robin (D:2)
  2 gnolls (D:2)
  2 adders (D:2)
  5 worms
  2 leopard geckos (D:1)
  A ball python (D:1)
  5 giant cockroaches
  3 hobgoblins
  5 bats
  3 frilled lizards
  17 goblins
  10 kobolds
  6 rats
62 creatures vanquished.

Notes
Turn   | Place    | Note
-------+----------+-------------------------------------------
     0 | D:1      | grindst0ne the Mummy Fighter began the quest for the Orb.
     0 | D:1      | Reached XP level 1. HP: 18/18 MP: 1/1
    61 | D:1      | Reached XP level 2. HP: 19/24 MP: 2/2
   494 | D:1      | Reached XP level 3. HP: 28/29 MP: 3/3
   728 | D:2      | Found an iron altar of Okawaru.
   871 | D:2      | Reached XP level 4. HP: 27/35 MP: 4/4
   891 | D:2      | Noticed Robin
   927 | D:2      | Killed Robin
  2332 | D:3      | HP: 1/37 [hound (1)]
  2334 | D:2      | Slain by a hound

Vault maps used:
D:1:      dpeg_arrival_shelter
D:2:      okawaru_trees_2, grunt_ministairs_9, uniq_robin

Skill      XL: |  1  2  3  4 |
---------------+-------------+-----
Axes           | 2 3 |  3.1
Shields        | 3 |  3.1
Fighting       | |  3.8
Armour         | |  2.4

Action                   |  1- 3 |  4- 6 || total
-------------------------+-------+-------++-------
Melee: War axe           |   127 |    51 ||   178
Armor: Scale mail        |    70 |    25 ||    95
Dodge: Dodged            |    48 |    21 ||    69
Block: Shield            |    72 |    33 ||   105

Table legend:
 A = Non-vault XP
 B = Vault XP
 C = Vault XP percentage of total XP
 D = Non-vault monster count
 E = Vault monster count
 F = Vault count percentage of total count
                 A         B        C        D         E       F
            +---------+---------+-------+---------+---------+-------
      Total |     141 |      39 |  21.7 |      47 |      15 |  24.2
            +---------+---------+-------+---------+---------+-------
        D:1 |      42 |       0 |   0.0 |      26 |       0 |   0.0
        D:2 |      91 |      39 |  30.0 |      18 |      15 |  45.5
        D:3 |       8 |       0 |   0.0 |       3 |       0 |   0.0
            +---------+---------+-------+---------+---------+-------
